 Dungeon Crawl Stone Soup version 0.17.2-1-ge4368a0 (webtiles) character file.

74 Goblin1989 the Insei (level 4, 33/35 HPs)
             Began as a Demonspawn Monk on Nov 6, 2016.
             Quit the game on level 2 of the Dungeon.
             The game lasted 00:07:01 (2222 turns).

Goblin1989 the Insei (Demonspawn Monk)              Turns: 2222, Time: 00:07:02

Health: 33/35      AC:  6    Str: 12    XL:     4   Next: 9%
Magic:  4/4        EV: 11    Int: 11    God:
Gold:   86         SH:  0    Dex: 16    Spells: 0 memorised, 3 levels left

rFire  . . .     SeeInvis .       - Unarmed
rCold  . . .     Clarity  .     k - +0 ring mail
rNeg   . . .     SustAt   .     (no shield)
rPois  .         Gourm    .     e - +0 helmet
rElec  .         Spirit   .     (no cloak)
rCorr  .         Warding  .     (no gloves)
rMut   .         Stasis   .     (no boots)
MR     .....                    (no amulet)
Stlth  +.........               (no ring)
                                (no ring)

@: not resistant to hostile enchantments, very unstealthy
A: hooves 1, powered by pain 1
a: no special abilities


You were on level 2 of the Dungeon.
You were very hungry.

You visited 1 branch of the dungeon, and saw 2 of its levels.

You collected 86 gold pieces.

Inventory:

Hand Weapons
 w - a +0 blowgun {@w1}
Missiles
 c - 8 poisoned needles
Armour
 e - a +0 helmet (worn)
 k - a +0 ring mail (worn)
Scrolls
 a - a scroll of enchant weapon {unknown}
 l - a scroll of magic mapping {unknown}
 n - a scroll of fear {unknown}
Potions
 d - 2 potions of curing {unknown}
 f - a potion of invisibility {unknown}
 g - 2 potions of heal wounds {unknown}
 h - a potion of cancellation
 o - a potion of haste {unknown}
Comestibles
 b - a bread ration {@e1}
 m - 2 meat rations {@e2}


   Skills:
 - Level 3.0 Fighting
 - Level 2.6 Dodging
 - Level 1.7 Stealth
 + Level 5.1 Unarmed Combat


You had 3 spell levels left.
You didn't know any spells.

Dungeon Overview and Level Annotations

Branches:
Dungeon (2/15)

Altars:


Innate Abilities, Weirdness & Mutations

You have large cloven feet.
You sometimes gain a little power by taking damage.


Message History

The gnoll is moderately wounded.
The gnoll hits you but does no damage.
You hit the gnoll.
The gnoll is heavily wounded.
The gnoll hits you with a flail.
You take 2 damage, and have 27/29 hp.
You punch the gnoll!
The gnoll is almost dead.
You hit the gnoll but do no damage.
The gnoll is almost dead.
The gnoll closely misses you.
You hit the gnoll.
You kill the gnoll!
You have reached level 4!
You feel agile.
Your demonic ancestry asserts itself...
Your feet thicken and deform.
The gnoll closely misses you.
You regained 5 hp, and now have 32/35 hp.
MP restored: 4 Are you sure you want to abandon this character and quit the game? (Confirm with "yes".)

..█ █.█.█.███..██.█ █.████
.... █.█.█......)..█ █.█...
.█...
█.█.██████....████.█.█.
....█.█.█ █...........█.
....█∆█.█ █)......█.███.
█.......█ █..████.█.█ █.
█.......█ █.......█.█ █.
█.......██████.█.███.█.█ █.
█.████)g.g@....█.█████∆████
█g███████............. █.
█.........÷.†.. .g
█......██...... █..
█.............. █..
█....█..█...... █..
█....██.█...... █..
█....██........


█████ ██.█.████ You could see 2 gnolls and a goblin.

Vanquished Creatures
  A gnoll (D:2)
  2 adders (D:2)
  3 worms (D:2)
  2 giant cockroaches
  2 hobgoblins
  7 jackals (D:1)
  4 kobolds (D:2)
  4 bats
  3 giant newts
  5 goblins
  6 rats
39 creatures vanquished.

Notes
Turn   | Place    | Note
--------------------------------------------------------------
     0 | D:1      | Goblin1989 the Demonspawn Monk began the quest for the Orb.
     0 | D:1      | Reached XP level 1. HP: 18/18 MP: 1/1
   210 | D:1      | Reached skill level 4 in Unarmed Combat
   356 | D:1      | Gained mutation: You sometimes gain a little power by taking damage. [demonic ancestry]
   356 | D:1      | Reached XP level 2. HP: 24/24 MP: 2/2
  1322 | D:2      | Reached XP level 3. HP: 6/29 MP: 3/3
  1926 | D:2      | Reached skill level 5 in Unarmed Combat
  2218 | D:2      | Gained mutation: You have large cloven feet. [demonic ancestry]
  2218 | D:2      | Reached XP level 4. HP: 32/35 MP: 4/4
  2222 | D:2      | Quit the game

Action                   |  1- 3 |  4- 6 || total
-------------------------+-------+-------++-------
Melee: Unarmed           |   144 |       ||   144
 Fire: Blowgun           |     5 |       ||     5
  Use: Scroll            |     3 |       ||     3
 Stab: Sleeping          |     2 |       ||     2
  Eat: Chunk             |     3 |       ||     3

Vault maps used:
D:1:      minmay_arrival_loop, minmay_crystal_water
D:2:      minmay_misc_feat_four_crosses
